[Event "8th Svetozar Gligoric Cup 2022"]
[Site "Paracin"]
[Date "2022.06.02"]
[Round "4.10"]
[White "Cica, Dragan"]
[Black "Tadic, Stefan"]
[Result "0-1"]
[ECO "B40"]
[WhiteElo "2124"]
[BlackElo "2358"]
[Annotator "TA"]
[PlyCount "118"]
[EventDate "2022.05.31"]
[EventType "team-tourn"]
[EventCountry "SRB"]
[SourceTitle "playchess.com"]
[Source "ChessBase"]
[SourceQuality "1"]
[TimeControl "40/5400+30:900+30"]

1. e4 c5 2. Nf3 e6 3. c3 d5 4. e5 d4 5. Bb5+ Bd7 6. Qe2 {[%emt 0:06:02] B40: Sicilian: 2...e6, Unusual lines.} a6 {[%emt 0:04:16] [#]} 7. Bd3 $146 ({Predecessor:} 7. Bxd7+ Qxd7 8. cxd4 cxd4 9. d3 Nc6 10. O-O Nge7 11. Bf4 Nd5 12. Bg3 Bb4 13. Nbd2 O-O {0-1 (66) Barjan Pinedo,J (2099)-De Jesus Rosa,M (2119) Santo Domingo 2018}) 7... Bc6 8. O-O {[%emt 0:03:53] The position is equal.} Ne7 9. Be4 Bxe4 10. Qxe4 Nbc6 11. b4 (11. cxd4 $11 cxd4 12. b3) 11... Qd5 12. Re1 (12. Qxd5 $15 Nxd5 13. bxc5) 12... cxb4 $17 13. Bb2 (13. a3 $17) 13... dxc3 $19 14. dxc3 Qxe4 15. Rxe4 Nd5 16. cxb4 Bxb4 17. Na3 O-O 18. Nc4 Rfd8 19. g3 b5 20. Ne3 Bc3 21. Nd1 Ba5 22. a3 Nb6 23. Rc1 Ne7 ({Don't blunder} 23... Nc4 $2 24. Ne3 Nxb2 25. Rxc6 $19) 24. Ne3 Rac8 25. Rxc8 Rxc8 ({Worse is} 25... Nexc8 26. Rd4 Na4 27. Ba1 $17) 26. Rd4 Ned5 27. Nxd5 Nxd5 28. Rd3 h6 29. Nd4 Bb6 30. Kg2 Rc4 31. h4 b4 32. axb4 Rxb4 33. Nb3 a5 34. Ba3 Re4 35. f4 (35. Bc5 {might work better.}) 35... Re2+ 36. Kf3 Rf2+ 37. Ke4 Re2+ 38. Kf3 Rc2 39. Ke4 $2 (39. Nd2) 39... a4 {[%emt 0:03:36] Strongly threatening ...Nc3+.} 40. Nd2 Ba5 41. Nb1 Re2+ 42. Kd4 Re1 43. Nd2 Bxd2 44. Rxd2 {[%emt 0:00:03][%mdl 4096] Endgame KRB-KRN} Re3 45. Rd3 Rxd3+ 46. Kxd3 {[%emt 0:00:04] KB-KN} g5 (46... Kh7 $19 {has better winning chances. ...Kg6 is the strong threat.} 47. h5 g6 48. hxg6+ Kxg6) 47. hxg5 (47. fxg5 $17 {was the only chance.} hxg5 48. Bc1) 47... hxg5 48. fxg5 Kg7 49. Bc1 $2 {[%emt 0:01:50][%mdl 8192] White does not recover from this.} (49. Bb2 $17) 49... Kg6 50. g4 Nb4+ 51. Kc4 Nc6 52. Bf4 a3 $1 53. Kb3 {[%emt 0:00:13] [#]} Nb4 $1 {[%emt 0:00:05][%mdl 512] ( -> ...a2)} 54. Kxa3 (54. Be3 a2) 54... Nd3 {[%emt 0:00:05][%mdl 64] Deflection} 55. Bh2 Nf2 (55... Kxg5 $142 56. Kb3 Kxg4 57. Kc3 Ne1 58. Bg1 Nf3 59. Bb6 Nxe5 60. Kb4 f5 61. Kb5 f4 62. Bg1 Kg3 63. Bc5 f3 64. Bd6 Kf4 65. Bc5 Nd3 66. Be7 f2 67. Bd6+ Ne5 68. Bf8 f1=Q+ 69. Ka5 Qd3 70. Kb4 Ke4 71. Kc5 Qc4+ 72. Kb6 Kd5 73. Bh6 Qc6+ 74. Ka7 Qb5 75. Bg7 Nc6+ 76. Ka8 Qb8#) 56. Kb4 {[%emt 0:00:41] Black is clearly winning.} Nxg4 ({Inferior is} 56... Kxg5 57. Kc5 $15) 57. Bg3 {[%emt 0:00:21] [#]} Kf5 $1 58. Kc5 Nxe5 59. Kd6 Nf3 {[%emt 0:00:06] Weighted Error Value: White=0.91/Black=0.30} (59... Nd3 $142 60. Ke7 Kg6) 0-1

[Event "8th Svetozar Gligoric Cup 2022"]
[Site "Paracin"]
[Date "2022.06.02"]
[Round "4.11"]
[White "Ivanovic, Marko"]
[Black "Alimpic, Aleksa"]
[Result "1/2-1/2"]
[ECO "A07"]
[WhiteElo "2294"]
[BlackElo "2234"]
[Annotator "TA"]
[PlyCount "47"]
[EventDate "2022.05.31"]
[EventType "team-tourn"]
[EventCountry "SRB"]
[SourceTitle "playchess.com"]
[Source "ChessBase"]
[SourceQuality "1"]
[TimeControl "40/5400+30:900+30"]

1. Nf3 d5 2. g3 Nd7 3. Bg2 e5 4. d3 Ngf6 5. O-O Bc5 {[%emt 0:00:02] [#]} 6. Nbd2 {[%emt 0:00:23] A07: Réti Opening: New York and Capablanca Systems.} (6. Nxe5 $1 $14 Nxe5 7. d4) 6... e4 $15 7. dxe4 dxe4 {[%emt 0:00:07] [#]} 8. Nh4 $146 {[%emt 0:00:14] Black is slightly better.} ({Predecessor:} 8. Ng5 e3 9. Nde4 exf2+ 10. Kh1 Bb6 11. Nxf6+ Qxf6 12. Ne4 Qf5 13. e3 O-O 14. Rxf2 {0-1 (23) Esposito,P (1746)-Messina,E (2218) Napoli 2016}) 8... e3 9. fxe3 Bxe3+ 10. Kh1 {[%emt 0:00:05] Hoping for Nf5.} O-O 11. Nf5 Ng4 {[%emt 0:01:04] ...Nf2+ is the strong threat.} 12. Ne4 {[%emt 0:00:47] Prevents Nf2+.} Bb6 (12... Bxc1 $15 {keeps the upper hand.} 13. Qxc1 (13. Rxc1 g6 $17) 13... Ndf6) 13. h3 $16 Nge5 14. Bf4 {[%emt 0:03:53] White is much more active. The black rooks are badly placed.} (14. b3 $16) 14... Ng6 $11 15. Qd5 ({Better is} 15. c4 $11) 15... c6 16. Qd6 $132 {[%emt 0:01:02][%mdl 2048] White puts up resistance} Nxf4 (16... Nb8 {seems wilder.} 17. Bg5 f6 18. Qxd8 Bxd8 19. Nfd6 Na6) 17. gxf4 {[%emt 0:01:20] [#]} ({Much worse is} 17. Rxf4 Bc7 18. Qa3 (18. Qd4 $2 Be5 $19) 18... Bxf4 19. gxf4 Nb6 $17) (17. Qxf4 $5 f6 18. Rad1 $14) 17... Nc5 $1 18. Nxc5 {[%emt 0:05:18] Threatens to win with Ne7+.} (18. Ne7+ Kh8) 18... Qxd6 (18... Bxf5 $15 19. Nxb7 Qc8 20. Qxc6 Bxh3 21. Qxc8 Bxg2+ 22. Kxg2 Raxc8) 19. Nxd6 {[%emt 0:00:04] The position is equal.} Bxc5 {[%emt 0:00:06] A strong pair of Bishops.} 20. Rad1 Rd8 21. Ne4 Rxd1 22. Rxd1 Be7 23. Nd6 Kf8 24. Nxc8 {[%emt 0:04:34] Weighted Error Value: White=0.23 (precise) /Black=0.26 (precise)} 1/2-1/2

[Event "8th Svetozar Gligoric Cup 2022"]
[Site "Paracin"]
[Date "2022.06.02"]
[Round "4.12"]
[White "Dedijer, Zarko"]
[Black "Brankovic, Vladislav"]
[Result "0-1"]
[ECO "D02"]
[WhiteElo "1884"]
[BlackElo "2114"]
[Annotator "TA"]
[PlyCount "48"]
[EventDate "2022.05.31"]
[EventType "team-tourn"]
[EventCountry "SRB"]
[SourceTitle "playchess.com"]
[Source "ChessBase"]
[SourceQuality "1"]
[TimeControl "40/5400+30:900+30"]

1. d4 d5 2. Nf3 Nf6 3. Bf4 Bf5 4. e3 e6 5. c3 Bd6 6. Bg3 {[%emt 0:00:56] D02: 1 d4 d5 2 Nf3 sidelines, including 2...Nf6 3 g3 and 2...Nf6 3 Bf4.} O-O 7. Nbd2 Re8 {[%emt 0:01:48] [#]} 8. Qb3 $146 {[%emt 0:01:28] The position is equal.} ({Predecessor:} 8. Ne5 Nbd7 9. f4 Nxe5 10. fxe5 Ne4 11. Nxe4 Bxe4 12. exd6 cxd6 13. Bd3 Bxg2 14. Rg1 {1-0 (26) Skytte,R-Kryshtafor,M (1241) Tornelo INT 2021}) 8... b6 9. c4 c5 10. Bd3 Bxd3 11. Qxd3 Nc6 12. Bxd6 Qxd6 13. O-O Rad8 14. Rfd1 cxd4 15. exd4 e5 16. dxe5 Nxe5 17. Nxe5 Qxe5 18. Nf3 (18. Qb3) (18. Qb3 $15) 18... Qxb2 $17 19. Rdb1 dxc4 20. Qxc4 Qe2 {[%emt 0:00:00] Black is much more active.} 21. Qc7 Rd7 $36 {[%emt 0:00:00][%mdl 2048] Black has strong initiative.} 22. Qc6 Qe4 23. Qxd7 {[%emt 0:05:15][%mdl 8192] [#]} Nxd7 $19 24. Re1 Qa8 {[%emt 0:00:00] Weighted Error Value: White=0.61/Black=0.06 (flawless)} 0-1

[Event "8th Svetozar Gligoric Cup 2022"]
[Site "Paracin"]
[Date "2022.06.03"]
[Round "5.1"]
[White "Atalik, Suat"]
[Black "Bogosavljevic, Boban"]
[Result "0-1"]
[ECO "D30"]
[WhiteElo "2459"]
[BlackElo "2527"]
[Annotator "TA"]
[PlyCount "68"]
[EventDate "2022.05.31"]
[EventType "team-tourn"]
[EventCountry "SRB"]
[SourceTitle "playchess.com"]
[Source "ChessBase"]
[SourceQuality "1"]
[TimeControl "40/5400+30:900+30"]

1. d4 d5 2. c4 e6 3. Nf3 a6 4. Bg5 Be7 5. Bxe7 Qxe7 6. Nbd2 {[%emt 0:01:28] D30: Queen's Gambit Declined: Systems without Nc3.} Nf6 7. Rc1 O-O 8. g3 {[%emt 0:02:11] White has an edge.} c5 9. dxc5 {[%emt 0:06:03] [#]} d4 $146 ({Predecessor:} 9... Qxc5 10. cxd5 Qxd5 11. Nc4 Qh5 12. Nce5 Nc6 13. Nxc6 bxc6 14. Qa4 Rb8 15. b3 a5 16. Bg2 Ba6 17. Rc2 Qg6 18. Rb2 Bb5 19. Qa3 Nd5 20. O-O Qf6 {½-½ (20) Yilmaz,M (2626)-Mareco,S (2652) Havana 2022}) 10. Nxd4 Rd8 11. N4b3 e5 12. Bg2 e4 (12... a5 $14) 13. Rc3 (13. Qc2 $142 $1) 13... Nc6 14. h3 a5 15. a4 $1 h5 16. O-O Bf5 17. Re3 Qe6 18. Qc2 Nd4 19. Nxd4 Rxd4 {[%emt 0:00:05] [#]} 20. Qc3 ({White should try} 20. Rc1 $1 $16) 20... Rad8 $11 21. Nb3 {[%emt 0:00:30] [#]} (21. Nf3 $11 Rxc4 22. Ng5 (22. Qxa5 Qc8 $15) 22... Rxc3 23. Nxe6 Rxe3 24. Nxd8) 21... Rd1 $1 $17 {[%emt 0:00:11] Black is more active.} 22. g4 (22. Nxa5 $2 Bxh3 23. Re1 R8d2 24. Qxd2 Rxd2 $19) (22. Qc2 $17 {keeps fighting.} Rxf1+ 23. Bxf1 Bxh3 24. Bxh3 (24. Nxa5 $2 Bxf1 25. Qb1 Qa6 $19) 24... Qxh3 25. Nd2) 22... hxg4 $19 23. h4 Nh5 24. Qc2 $2 (24. c6 bxc6 25. Nc5) 24... Rxf1+ 25. Bxf1 Qf6 26. Qc3 (26. Nxa5 Qxh4 27. Qb3 (27. Nxb7 $2 g3 $19) 27... g3 28. Rxg3 (28. fxg3 $2 Qg5 $19) 28... Nxg3 29. Qxg3 (29. fxg3 $2 Qg5 $19) 29... Qh6 $17) (26. c6 $142 Qxc6 27. Bg2) 26... Qxh4 {[%emt 0:00:12] Threatens to win with ...Rd1.} 27. Nd4 (27. Qe1 $142 g3 28. Rxg3 Nxg3 29. fxg3) 27... Bg6 {[%emt 0:00:29] Black is clearly winning.} 28. Bg2 Qf6 29. Nc2 Rd1+ 30. Bf1 Qg5 (30... Qh4 $142 {[%cal Od1f1] ( -> ...Rxf1+!)} 31. Rg3 e3 32. Qxe3 Bxc2) 31. b4 g3 32. Rxg3 Nxg3 33. Qxg3 Qxg3+ 34. fxg3 Rd2 {[%emt 0:00:58] Weighted Error Value: White=0.82/Black=0.37} 0-1

[Event "8th Svetozar Gligoric Cup 2022"]
[Site "Paracin"]
[Date "2022.06.03"]
[Round "5.2"]
[White "Stankovic, Milos"]
[Black "Markovic, Miroslav"]
[Result "1/2-1/2"]
[ECO "B31"]
[WhiteElo "2430"]
[BlackElo "2271"]
[Annotator "TA"]
[PlyCount "38"]
[EventDate "2022.05.31"]
[EventType "team-tourn"]
[EventCountry "SRB"]
[SourceTitle "playchess.com"]
[Source "ChessBase"]
[SourceQuality "1"]
[TimeControl "40/5400+30:900+30"]

1. e4 c5 2. Nf3 Nc6 3. Bb5 Nf6 4. Nc3 g6 5. O-O Bg7 6. Re1 O-O 7. e5 Ne8 8. Bxc6 dxc6 9. d3 Nc7 10. Ne4 b6 11. h3 Ne6 12. a4 a5 13. Neg5 {[%emt 0:05:49] B31: Sicilian: 2...Nc6 3 Bb5 g6.} Nc7 {[%emt 0:00:33] [#]} 14. Be3 $146 (14. Bf4 $14) ({Predecessor:} 14. Bf4 h6 15. Ne4 Kh7 16. Bg3 Qd7 17. Rc1 Ba6 18. b3 Rad8 19. Qd2 Ne6 20. Qe3 Nd4 21. Nxd4 cxd4 {½-½ (86) Telepnev,I (2521)-Priepke,W (2472) GER email 2016}) 14... f6 $11 15. exf6 {[%emt 0:02:48] Black has an edge.} exf6 16. Ne4 f5 17. Bg5 Qd7 18. Nc3 (18. Ned2 $5 Nd5 19. Nc4 $11) 18... Ne6 19. Qd2 Nxg5 {[%emt 0:01:27] An even fight not without its subleties.  Weighted Error Value: White=0.14 (very precise) /Black=0.04 (flawless)} (19... Qd6 $5 ) 1/2-1/2

[Event "8th Svetozar Gligoric Cup 2022"]
[Site "Paracin"]
[Date "2022.06.03"]
[Round "5.3"]
[White "Saric, Sinisa"]
[Black "Zajic, Milan"]
[Result "1/2-1/2"]
[ECO "E32"]
[WhiteElo "2411"]
[BlackElo "2426"]
[Annotator "TA"]
[PlyCount "65"]
[EventDate "2022.05.31"]
[EventType "team-tourn"]
[EventCountry "SRB"]
[SourceTitle "playchess.com"]
[Source "ChessBase"]
[SourceQuality "1"]
[TimeControl "40/5400+30:900+30"]

1. d4 Nf6 2. c4 e6 3. Nc3 Bb4 4. Qc2 O-O 5. e4 d5 6. e5 Ne4 7. Bd3 c5 8. a3 Bxc3+ 9. bxc3 cxd4 10. cxd4 Nc6 {[%emt 0:07:21] E32: Nimzo-Indian: Classical (4 Qc2): 4...0-0.} 11. Ne2 Qa5+ 12. Kf1 f6 {[%emt 0:00:31] The position is equal.} 13. Bxe4 dxe4 14. exf6 ({Of course not} 14. Qxe4 fxe5 15. Be3 Bd7 $17) 14... Rxf6 15. Be3 Bd7 16. Ng3 {[%emt 0:21:11] [#]} Ne7 $146 ({Predecessor:} 16... Rff8 17. Kg1 Rac8 18. Kf1 Ra8 19. Nxe4 e5 20. d5 Nd4 21. Qd3 Bf5 22. f3 Rac8 23. Kf2 {½-½ (23) Klima,L (2349)-Andreev,E (2458) Karvina 2011}) 17. Kg1 Bc6 18. h4 Nf5 (18... Rc8 {is interesting.} 19. Nxe4 Bxe4 20. Qxe4 Rxc4 21. Qxb7 Nf5) 19. Nxf5 Rxf5 20. Rh3 Rc8 21. Qb3 Qd8 22. Rd1 Qd7 {[%emt 0:01:39] [#] White must now prevent ...Ba4.} 23. Rc1 (23. Qb4 {looks sharper.} Rcf8 24. Rg3 R8f7 25. Rg4) 23... Qf7 24. Rg3 h5 25. Bh6 g6 26. Be3 {[%emt 0:00:15] White is more active.} Kh7 27. Rg5 Rd8 28. Qd1 Rd7 29. Rb1 Rxg5 30. Bxg5 (30. hxg5 $14 Qf5 31. Qb3) 30... Qf5 (30... Qg7 $11) 31. Be3 $16 Qf6 32. g3 Qf5 33. Kh2 {[%emt 0:06:14] Weighted Error Value: White=0.06 (flawless) /Black=0.12 (very precise)} 1/2-1/2

[Event "8th Svetozar Gligoric Cup 2022"]
[Site "Paracin"]
[Date "2022.06.03"]
[Round "5.4"]
[White "Toth, Aleksandar"]
[Black "Vratonjic, Slobo"]
[Result "1/2-1/2"]
[ECO "B47"]
[WhiteElo "2335"]
[BlackElo "2254"]
[Annotator "TA"]
[PlyCount "79"]
[EventDate "2022.05.31"]
[EventType "team-tourn"]
[EventCountry "SRB"]
[SourceTitle "playchess.com"]
[Source "ChessBase"]
[SourceQuality "1"]
[TimeControl "40/5400+30:900+30"]

1. e4 c5 2. Nf3 e6 3. d4 cxd4 4. Nxd4 Nc6 5. Nc3 Qc7 6. Be2 a6 7. O-O b5 8. a3 Bb7 9. Kh1 {[%emt 0:03:59] B47: Sicilian: Taimanov: 5 Nc3 Qc7 6 f4, 6 g3 and 6 Be2.} Nf6 10. f4 d6 11. Be3 (11. f5 $5 Nxd4 12. Qxd4 $11) 11... Nxd4 12. Qxd4 Be7 13. Bf3 e5 14. Qd2 exf4 15. Bxf4 O-O 16. Rad1 {[%emt 0:02:39][%cal Rf4d6] [#]} Rfd8 $146 ({Predecessor:} 16... Rad8 17. Qd3 Bc6 18. Ne2 Qb7 19. Ng3 Rfe8 20. Rfe1 Nd7 21. b4 Ne5 22. Bxe5 dxe5 {½-½ (31) Ruszin,A (2091)-Bardossi,J (2136) Hungary 2010}) 17. Qf2 Rab8 18. Qg3 {[%emt 0:08:56] And now e5 would win.} Ne8 19. e5 $1 {[%emt 0:09:07] Prevents Bf6. Strongly threatening Nd5. White is more active.} dxe5 $2 (19... Bxf3 $16 {keeps fighting.} 20. Qxf3 dxe5 21. Bxe5 Bd6) 20. Bxe5 $18 Bd6 {[%emt 0:00:01] [#]} 21. Rxd6 Rxd6 {[%emt 0:00:11] [#]} 22. Bxb7 (22. Rd1 $1 $18 Bxf3 23. Rxd6) 22... Rxb7 $11 23. Bxd6 Qxd6 24. Qxd6 Nxd6 $18 {[%emt 0:00:13][%mdl 4096] Endgame KRN-KRN} 25. Rd1 Re7 26. h3 Ne8 27. Rd8 f5 28. Ra8 Re6 29. Nd5 Kf7 30. Nb4 Nd6 31. Rxa6 Re1+ 32. Kh2 Nc4 33. b3 Ne3 {[%emt 0:00:10] The position is equal.} 34. Kg3 Rf1 {[%emt 0:00:18] Hoping for ...f4+.} 35. Nd3 {[%emt 0:01:09] Against f4+} g5 36. Ra7+ Kf6 37. Ra6+ Kg7 38. Ra7+ Kf6 39. Ra6+ Kg7 40. Ra7+ {[%emt 0:00:00] Weighted Error Value: White=0.17 (very precise) /Black=0.13 (very precise)} 1/2-1/2

[Event "8th Svetozar Gligoric Cup 2022"]
[Site "Paracin"]
[Date "2022.06.03"]
[Round "5.5"]
[White "Markus, Robert"]
[Black "Jovanovic, Dusan D"]
[Result "1-0"]
[ECO "E16"]
[WhiteElo "2613"]
[BlackElo "2391"]
[Annotator "TA"]
[PlyCount "81"]
[EventDate "2022.05.31"]
[EventType "team-tourn"]
[EventCountry "SRB"]
[SourceTitle "playchess.com"]
[Source "ChessBase"]
[SourceQuality "1"]
[TimeControl "40/5400+30:900+30"]

1. d4 Nf6 2. c4 e6 3. Nf3 Bb4+ 4. Bd2 a5 5. g3 b6 6. Bg2 Bb7 7. O-O O-O 8. Bf4 Be7 9. Qc2 {[%emt 0:00:14] E16: Queen's Indian: 4 g3 Bb7 5 Bg2 Bb4+.} Be4 10. Qc1 Nh5 11. Be3 {[%emt 0:05:38] [#] White is slightly better.} Na6 $146 ({Predecessor:} 11... d6 12. d5 e5 13. Nc3 Bg6 14. Nxe5 dxe5 15. d6 Bxd6 16. Bxa8 c6 17. Rd1 Qc7 {1-0 (40) Kazakovskiy,V (2456)-Yakubbaeva,N (2008) Tashkent 2019}) 12. Nc3 Bb7 13. d5 Nc5 14. Qc2 Nf6 15. Rad1 Re8 16. Nd4 (16. a3 {seems wilder.} Ng4 17. Bd4 Bd6 18. h3) 16... Bf8 17. Bg5 h6 18. Bc1 e5 19. Ndb5 d6 20. b3 Bc8 21. a3 Na6 22. e4 g6 23. h3 Bg7 24. Be3 Kh7 25. Rb1 Ng8 26. b4 axb4 27. axb4 h5 28. f4 {[%emt 0:05:12] White is much more active.} Bh6 29. Qf2 f5 (29... f6 {keeps fighting.} 30. Ra1 Qd7) 30. fxe5 $18 Bxe3 31. Qxe3 {[%emt 0:00:05] [#] Black must now prevent e6.} Rxe5 32. Nd4 Bd7 33. Nf3 Re8 34. Ng5+ Kg7 35. Ne6+ Bxe6 36. dxe6 Rxe6 37. Qd4+ Re5 38. exf5 {[%emt 0:00:07][%mdl 64] [#] Discovered Attack. White is clearly winning.} Ra7 (38... Rb8 $142 39. fxg6 Nh6) 39. Nb5 c5 40. bxc5 ({Not} 40. Qxd6 Qxd6 41. Nxd6 Nxb4 $14) 40... bxc5 41. Qa1 {[%emt 0:00:28] Weighted Error Value: White=0.05 (flawless) /Black=0.23 (precise)} ({Less strong is} 41. Qxd6 Qxd6 42. Nxd6 Nb4 43. fxg6 Nf6 $16) 1-0

[Event "8th Svetozar Gligoric Cup 2022"]
[Site "Paracin"]
[Date "2022.06.03"]
[Round "5.6"]
[White "Dudukovic, Nikola"]
[Black "Kovacevic, Aleksandar"]
[Result "0-1"]
[ECO "A62"]
[WhiteElo "2346"]
[BlackElo "2503"]
[Annotator "TA"]
[PlyCount "70"]
[EventDate "2022.05.31"]
[EventType "team-tourn"]
[EventCountry "SRB"]
[SourceTitle "playchess.com"]
[Source "ChessBase"]
[SourceQuality "1"]
[TimeControl "40/5400+30:900+30"]

1. d4 Nf6 2. Nf3 e6 3. c4 c5 4. d5 d6 5. Nc3 exd5 6. cxd5 g6 7. g3 Bg7 8. Bg2 O-O 9. O-O Re8 10. Nd2 Nbd7 11. a4 {[%emt 0:01:43] 11.a4 is better than 11.h3.} Nh5 {[%emt 0:03:03] A62: Modern Benoni: Fianchetto Variation without early ...Nbd7.} 12. Nc4 Ne5 {[%emt 0:00:36] [#]} 13. Nxe5 $146 ({Predecessor:} 13. Na3 f5 14. h3 a6 15. Kh2 Bd7 16. f4 b5 17. fxe5 Bxe5 18. Bf4 Bxf4 19. gxf4 {½-½ (50) Arabidze,M (2428)-Villalba,M (2258) Chess.com INT 2020}) 13... Bxe5 {[%emt 0:00:36] The position is equal.} 14. e4 a6 15. f4 Bd4+ 16. Kh1 Rb8 17. e5 {[%emt 0:13:34] Against Nf6} (17. g4 $11 {keeps the balance.} Nf6 18. f5) 17... dxe5 $17 18. f5 {[%emt 0:03:13] [#]} e4 (18... Bxf5 19. g4 $14) (18... b6 $1 $17) 19. fxg6 $11 hxg6 20. Nxe4 f5 {[%emt 0:08:35] Against g4} 21. Ng5 b6 22. Qb3 Qd6 23. g4 Nf6 (23... Re2 $2 24. gxh5 Be5 25. Qf3 Rxg2 26. Qxg2 $18) 24. Bf4 Be5 25. Bxe5 Rxe5 26. gxf5 (26. Qg3 $5 Bd7 27. gxf5 $11) 26... Bxf5 27. Nf3 (27. Qg3 $11 {remains equal.} Nh5 28. Qh4) 27... Re2 (27... Rxd5 28. Nh4 c4 29. Qxc4 $18) (27... Qxd5 28. Qc3 Re6 29. Rfd1 $14 (29. Ng5 Be4 $11)) ({Better is} 27... Re4 {Threatens to win with ...Rbe8.} 28. Rae1 Rbe8 29. Rxe4 Rxe4) 28. Nh4 $17 Be4 {[%emt 0:05:59] ...Kg7 is the strong threat. 0x0.0022fa30cf16dp-1022s more active pieces.} 29. Qh3 (29. Rae1 $17 Rxe1 30. Rxe1) 29... Kg7 ({Not} 29... Rxb2 30. Bxe4 Nxe4 31. Nf5 $14) 30. Bxe4 $2 (30. Rae1 {was worth a try.} Rxe1 31. Rxe1) 30... Nxe4 $19 {[%emt 0:01:12] Chess con chili.} 31. Nf5+ $2 (31. Nxg6 Ng5 32. Qc3+ Kxg6 33. Qd3+ Re4 34. Rg1) 31... gxf5 32. Rxf5 {[%emt 0:00:04] [#]} Rxh2+ $3 33. Qxh2 {[%emt 0:00:46] Threatening mate with Rg1+.} Ng3+ 34. Qxg3+ Qxg3 35. Rg1 Rh8+ {[%emt 0:00:03] Weighted Error Value: White=0.71/Black=0.14 (very precise)} 0-1

[Event "8th Svetozar Gligoric Cup 2022"]
[Site "Paracin"]
[Date "2022.06.03"]
[Round "5.7"]
[White "Popovic, Milan S"]
[Black "Ciric, Pavle"]
[Result "1-0"]
[ECO "C11"]
[WhiteElo "2383"]
[BlackElo "2177"]
[Annotator "TA"]
[PlyCount "61"]
[EventDate "2022.05.31"]
[EventType "team-tourn"]
[EventCountry "SRB"]
[SourceTitle "playchess.com"]
[Source "ChessBase"]
[SourceQuality "1"]
[TimeControl "40/5400+30:900+30"]

1. e4 e6 2. d4 d5 3. Nc3 Nf6 4. e5 Nfd7 5. f4 c5 6. Nf3 Nc6 7. Be3 Qb6 8. Na4 Qa5+ 9. c3 cxd4 10. b4 Nxb4 11. cxb4 Bxb4+ 12. Bd2 Bxd2+ 13. Nxd2 O-O {[%emt 0:01:00] C11: French: Classical System: 4 e5 and 4 Bg5 dxe4.} (13... b6 $14) 14. Bd3 $1 $16 b5 15. Nb2 ({But not} 15. Qh5 $2 g6 16. Qe2 bxa4 $19) 15... Nb6 {[%emt 0:00:00] White is better.} 16. O-O {[%emt 0:00:00][%cal Od3h7] Threatens to win with Bxh7+!} Nc4 17. Nbxc4 ({Weaker is} 17. Qh5 g6 18. Ndxc4 bxc4 $17) 17... bxc4 {[%emt 0:00:00] [#]} 18. Bxh7+ Kxh7 19. Qh5+ Kg8 20. Nf3 {[%emt 0:00:00][%cal Bd2f3,Bf3g5,Bg5e6][%mdl 32] White is more active.} g6 21. Qh6 {[%emt 0:00:00] Threatening mate with Ng5.} Qc7 {[%emt 0:00:30] [#] White must now prevent ...d3.} 22. f5 $1 $40 {[%emt 0:01:30][%mdl 128] White threatens f6 and mate. Black is in trouble.} (22. Ng5 $2 f6 23. Qxg6+ Qg7 24. Qxg7+ Kxg7 25. exf6+ Rxf6 $19) 22... exf5 {[%emt 0:00:00] [#]} (22... f6 $16 {was called for.}) 23. Rae1 $1 $18 {[%emt 0:00:00] [#]} Qd7 $146 (23... f6) ({Predecessor:} 23... f6 24. exf6 Qh7 25. Qf4 Qf7 26. Re7 Qxf6 27. Rfe1 Bd7 28. Rxd7 Rae8 29. Ne5 d3 30. Rxd5 Qb6+ 31. Kh1 Rf7 32. Qxc4 d2 33. Rf1 Qc7 34. Qd4 Qc1 35. Kg1 {1-0 (35) Tauscher,K (2492)-Faber,H (2464) Remote email 2012}) 24. Ng5 f6 {[%emt 0:00:00] [#]} 25. Ne6 $1 Qf7 (25... Rf7 26. Qxg6+) 26. Nxf8 {[%emt 0:00:00][%cal Oe5f6] White wants to mate with exf6!} Qg7 {[%emt 0:00:00] [#]} 27. Qh4 $1 fxe5 {[%emt 0:00:00] [#]} (27... Qxf8 28. exf6) 28. Nxg6 $1 Qxg6 29. Qd8+ Kh7 30. Rxe5 Bb7 31. Qc7+ {[%emt 0:04:30] Weighted Error Value: White=0.00 (flawless) /Black=0.65} 1-0

[Event "8th Svetozar Gligoric Cup 2022"]
[Site "Paracin"]
[Date "2022.06.03"]
[Round "5.8"]
[White "Maksimovic, Boban"]
[Black "Omorjan, Dejan"]
[Result "0-1"]
[ECO "A48"]
[WhiteElo "2221"]
[BlackElo "2339"]
[Annotator "TA"]
[PlyCount "60"]
[EventDate "2022.05.31"]
[EventType "team-tourn"]
[EventCountry "SRB"]
[SourceTitle "playchess.com"]
[Source "ChessBase"]
[SourceQuality "1"]
[TimeControl "40/5400+30:900+30"]

1. d4 Nf6 2. Nf3 g6 3. Bg5 Bg7 4. Nbd2 c5 5. e3 cxd4 6. exd4 O-O 7. Bd3 Nc6 {[%emt 0:00:49] A48: 1 d4 Nf6 2 Nf3 g6: Torre, London and Colle Systems.} 8. O-O h6 9. Bh4 d6 {[%emt 0:03:29][%cal Bd7d6,Bd6e5,Be5e4][%mdl 32] The position is equal.} 10. c3 Nh5 {[%emt 0:07:47] has lost popularity (10...e5).} 11. Re1 f5 {[%emt 0:06:26] [#]} 12. Bg3 $146 ({Better is} 12. Bc2 $14) ({Predecessor:} 12. Bb5 Nf6 13. d5 Ne5 14. Bxf6 Bxf6 15. Nd4 a6 16. Bf1 Qb6 17. N2b3 Bd7 18. Qd2 {0-1 (96) Kiik,K (2402)-Karttunen,M (2464) Finland 2017}) 12... Nxg3 13. hxg3 e5 $1 14. dxe5 dxe5 15. Bc4+ Kh7 16. Nb3 Qc7 17. Qd5 e4 18. Nfd2 ({White should play} 18. Nfd4 $15) 18... Rd8 $17 19. Qf7 (19. Qc5 $17) 19... Qxf7 20. Bxf7 {[%emt 0:00:11] [#]} b5 {[%emt 0:00:46] Prevents Nc4. aiming for ...Ne5.} 21. f4 {[%emt 0:00:36] Against Ne5} Rb8 {[%emt 0:10:34] White must now prevent ...Rb7.} 22. a4 a6 23. axb5 axb5 ({Don't play} 23... Rxb5 $6 24. Bc4 $11) 24. c4 $2 {[%emt 0:00:57] [#] White does not recover from this.} (24. Nf1 $17 {was worth a try.}) 24... Bxb2 25. Ra2 Bc3 26. Rc2 $2 (26. cxb5 {might work better.} Nb4 27. Ra4) 26... b4 27. Rb1 Kg7 {[%emt 0:01:54] Black is clearly winning.} 28. Bd5 Ne7 29. Na5 Nxd5 30. Nc6 Ne3 {[%csl LRc2,LRd2] Weighted Error Value: White=0.70/Black=0.13 (very precise)} 0-1